Coastline sucks

Match 19306924
End
Panzergrenadier Squad
250 Light Carrier
Selects Armored Support Battlegroup
Selects Armored Support Battlegroup
Panzergrenadier Squad
Panzergrenadier Squad
Construct Light Support Kompanie
Selects Superior Fire Drills
Combat Half-tracks
Construct Mechanized Kompanie
Assault Mechanized Group
254 Reconnaissance Tractor
Veteran Squad Leaders
Vehicle Survival Package
Selects Flammpanzer III Medium Tank Sd.Kfz. 141
Flammpanzer III Medium Tank
Panzerpioneer Squad
Selects Vehicle Awareness
Marder III Tank Destroyer
2.5-tonne Medical Truck
Marder III Tank Destroyer
Selects Battlefield Salvage
Marder III Tank Destroyer
AI Takeover
Mishi
Toiletguy
0
0

Comments sign in to comment!

No comments posted yet!